Map: Romanticide LE

Players

Fullmetal

  • Race: Zerg Zerg
  • League: Diamond
  • Spawn Location: 5:00

ViBE - Winner!

  • Race: Terran Terran
  • League: Platinum
  • Spawn Location: 11:00

VOD

Have the link to the VOD?

Description

Time

  • Played on: April 3, 2021, 8:35 p.m.
  • Length: 14:18
Show
View Real Time Build Order
Export as new Build Order

Fullmetal Zerg 

Build Orders: Hatch First 

Get SALT Encoding   

  12  0:01  Drone  
  13  0:13  Overlord  
  13  0:16  Drone  
  14  0:31  Drone  
  14  0:32  Drone  
  16  0:50  Hatchery  
  15  0:57  Drone x2  
  15  1:02  Drone  
  18  1:06  Extractor  
  17  1:20  Spawning Pool  
  17  1:21  Drone  
  17  1:24  Drone  
  18  1:32  Drone  
  19  1:43  Overlord  
  19  1:53  Drone  
  20  2:04  Drone  
  20  2:06  Drone  
  20  2:07  Queen  
  24  2:08  Queen  
  24  2:14  Zergling x2  
  27  2:15  Drone  
  28  2:30  Zergling x2  
  28  2:36  Overlord  
  29  2:38  Drone  
  29  2:40  Drone  
  31  2:53  Overlord  
  31  3:01  Roach Warren  
  31  3:03  Drone x2  
  32  3:19  Drone x3  
  35  3:23  Extractor, Drone x2  
  35  3:24  Drone  
  37  3:29  Drone  
  37  3:30  Drone x3  
  37  3:31  Evolution Chamber  
  37  3:33  Spore Crawler  
  39  3:36  Spore Crawler  
  39  3:37  Drone  
  39  3:46  Drone  
  40  3:49  Queen  
  40  3:51  Queen  
  44  3:56  Overlord  
  44  4:14  Zerg Missile Weapons Level 1  
  44  4:16  Overlord  
  44  4:19  Drone x5  
  49  4:24  Spine Crawler  
  49  4:25  Overlord x2  
  47  4:48  Roach x3  
  47  4:49  Roach x2  
  47  4:52  Roach  
  59  4:53  Roach x3  
  59  4:56  Roach x3  
  71  5:13  Overlord  
  71  5:18  Ravager x5  
  76  5:23  Extractor  
  76  5:25  Extractor  
  74  5:34  Roach x3  
  74  5:35  Roach x2  
  84  5:36  Hatchery  
  84  5:39  Overlord  
  84  5:40  Overlord  
  83  5:55  Overlord  
  83  6:00  Drone x3  
  83  6:01  Drone x2  
  88  6:12  Roach x4  
  88  6:17  Drone x4  
  100  6:21  Metabolic Boost  
  100  6:22  Spine Crawler  
  99  6:44  Spore Crawler  
  63  7:04  Roach x5  
  67  7:25  Roach x5  
  67  7:26  Roach x4  
  82  7:43  Roach x2  
  86  7:51  Zerg Ground Armor Level 1  
  86  7:53  Zergling x8  
  86  7:54  Zergling x4  
  90  8:05  Drone  
  90  8:06  Drone x2  
  93  8:16  Zergling x4  
  95  8:20  Zergling x12  
  69  9:04  Roach x4  
  69  9:05  Roach  
  64  9:26  Roach x2  
  64  9:27  Roach  
  64  9:29  Roach  
  64  9:30  Roach x7  
  64  9:31  Roach x2  
  86  9:35  Drone x3  
  89  9:38  Extractor  
  89  9:39  Extractor  
  89  9:40  Lair  
  87  9:47  Roach x2  
  87  9:48  Roach x3  
  97  9:55  Drone x2  
  97  9:56  Drone x2  
  101  10:06  Roach  
  85  10:49  Hydralisk Den  
  84  10:51  Evolution Chamber  
  84  10:53  Roach x7  
  97  11:03  Zergling x2  
  97  11:04  Overlord x4  
  98  11:15  Hatchery  
  98  11:18  Zerg Ground Armor Level 2, Zerg Missile Weapons Level 2  
  97  11:22  Hydralisk x2, Grooved Spines  
  97  11:23  Hydralisk x3  
  107  11:35  Hydralisk x3  
  107  11:36  Hydralisk x4  
  121  11:40  Drone  
  121  11:44  Spore Crawler  
  121  11:46  Spine Crawler  
  120  11:47  Burrow, Spine Crawler  
  120  11:50  Hydralisk  
  121  12:03  Overlord x2  
  121  12:10  Drone  
  121  12:11  Spine Crawler  
  121  12:15  Spine Crawler  
  120  12:29  Hydralisk x5  
  124  12:34  Lurker Den  
  124  12:35  Drone x2  
  124  12:36  Drone  
  79  13:14  Hydralisk x2  
  79  13:15  Hydralisk x5  
  68  13:27  Hydralisk x6  
  68  13:28  Hydralisk x6  
  68  13:30  Hatchery  
  85  13:35  Spine Crawler  
  85  13:37  Roach  
  85  13:38  Roach x3  
  88  13:55  Roach x2  
Show
View Real Time Build Order
Export as new Build Order

ViBE Terran - Winner!

Build Orders:  

Get SALT Encoding   

  12  0:03  SCV  
  13  0:15  SCV  
  13  0:19  Supply Depot  
  14  0:27  SCV  
  15  0:45  SCV  
  15  0:47  Barracks  
  16  0:58  SCV  
  16  1:00  Refinery  
  17  1:11  SCV  
  18  1:23  SCV  
  19  1:37  Orbital Command  
  19  1:38  Marine  
  20  1:49  Command Center  
  20  1:55  Supply Depot  
  20  1:56  Marine  
  21  2:03  SCV  
  22  2:16  SCV  
  22  2:21  Factory  
  23  2:23  Barracks Reactor  
  23  2:28  SCV  
  24  2:40  SCV  
  25  2:52  SCV  
  25  2:56  Refinery  
  26  3:01  Supply Depot, Orbital Command  
  26  3:04  SCV  
  27  3:06  Factory Tech Lab  
  27  3:09  Barracks  
  27  3:11  Marine x2  
  29  3:16  SCV  
  30  3:28  Marine, Supply Depot  
  30  3:29  Marine, SCV  
  30  3:30  SCV  
  34  3:36  Siege Tank  
  37  3:46  Marine x2, SCV  
  37  3:47  SCV  
  41  3:51  Supply Depot  
  41  3:58  SCV, Starport  
  41  3:59  SCV, Barracks Tech Lab  
  43  4:04  Marine x2  
  43  4:09  Siege Tank  
  48  4:11  SCV x2  
  48  4:16  Supply Depot  
  50  4:22  Marine x3  
  50  4:23  SCV x2  
  55  4:27  Stimpack  
  55  4:35  SCV x2  
  57  4:40  Command Center  
  57  4:44  Supply Depot  
  57  4:47  SCV x2  
  57  4:49  Siege Tank  
  57  4:50  Marine  
  57  4:51  Marine x2  
  65  4:57  Starport Reactor  
  65  4:59  SCV x2  
  67  5:05  Supply Depot  
  67  5:11  SCV x2  
  67  5:13  Supply Depot  
  69  5:15  Refinery  
  69  5:17  Refinery  
  69  5:21  Marine  
  69  5:22  Marine x2  
  69  5:23  SCV x2  
  75  5:35  SCV x2  
  75  5:42  Marine x3, Medivac x2  
  81  5:47  SCV  
  81  5:48  SCV  
  85  5:54  Barracks  
  85  5:57  Barracks  
  85  5:58  Barracks  
  85  5:59  SCV  
  85  6:00  SCV  
  85  6:02  Orbital Command  
  87  6:05  Marine x3  
  90  6:12  Medivac x2  
  94  6:29  SCV  
  94  6:30  Marine x3, SCV x2  
  100  6:37  Engineering Bay x2  
  100  6:40  Armory  
  100  6:44  Orbital Command  
  100  6:46  Barracks Reactor x3  
  93  6:54  Marine  
  93  6:56  SCV x2  
  96  7:08  SCV x2  
  96  7:14  Marine  
  96  7:15  Marine x2  
  89  7:25  SCV x2  
  89  7:26  SCV  
  86  7:32  Marine x3  
  83  7:37  Marine x2, SCV  
  83  7:38  SCV x2  
  83  7:44  Marine x4  
  88  7:45  Thor, Command Center  
  88  7:46  Medivac x2  
  88  7:49  SCV, Terran Vehicle Weapons Level 1  
  88  7:50  Marine x3, SCV x2  
  103  7:54  Terran Infantry Weapons Level 1  
  103  7:55  Marine x2  
  103  7:56  Terran Infantry Armor Level 1  
  102  8:02  Marine x4  
  106  8:06  SCV  
  106  8:07  SCV x2  
  106  8:08  Marine x3  
  106  8:10  Refinery  
  106  8:11  Refinery  
  112  8:14  Supply Depot  
  112  8:15  Supply Depot  
  112  8:16  Supply Depot  
  112  8:17  Supply Depot  
  112  8:18  SCV  
  112  8:19  SCV x2  
  115  8:33  SCV x2  
  117  8:35  SCV  
  111  8:41  Combat Shield  
  111  8:43  Marine x9  
  111  8:44  Thor  
  111  8:45  Medivac x2  
  111  8:46  SCV x2  
  111  8:47  SCV  
  119  8:58  SCV x2  
  119  9:00  Marine  
  119  9:01  Marine x3  
  119  9:02  Marine x5  
  120  9:09  SCV  
  112  9:10  SCV x2  
  111  9:18  Marine x2  
  111  9:19  Marine x4  
  111  9:20  Marine x3  
  111  9:22  SCV x2, Medivac x2  
  111  9:23  Command Center  
  123  9:27  Thor, SCV  
  123  9:30  Refinery  
  129  9:34  SCV x2  
  129  9:36  Marine x2  
  129  9:37  Marine x2  
  135  9:39  Marine  
  135  9:40  Marine x4  
  140  9:49  SCV x3, Planetary Fortress  
  143  9:54  Marine x2  
  143  9:55  Marine x2  
  143  9:57  Marine  
  148  10:06  Marine  
  149  10:07  Marine x3, Supply Depot x3  
  149  10:08  Medivac x2  
  149  10:12  Marine x3  
  159  10:14  SCV x2  
  159  10:15  SCV  
  162  10:26  SCV x2  
  164  10:29  SCV  
  164  10:35  Marine x9  
  166  10:40  Command Center  
  166  10:41  Thor  
  166  10:42  Medivac x2  
  181  10:44  Terran Vehicle Weapons Level 2  
  181  10:46  Terran Infantry Armor Level 2, Terran Infantry Weapons Level 2  
  181  10:52  Barracks x2  
  181  10:55  Barracks x2  
  181  10:58  Marine x2  
  181  10:59  Marine x7  
  181  11:02  Concussive Shells  
  190  11:07  Planetary Fortress  
  190  11:08  SCV x3  
  193  11:16  Marine x7  
  200  11:42  Starport, Factory  
  200  11:46  Barracks x2  
  200  11:47  Barracks x2  
  200  11:48  Barracks  
  200  11:49  Barracks Tech Lab  
  200  11:50  Barracks Tech Lab x3  
  200  11:51  Barracks  
  200  11:58  Barracks  
  200  12:05  Command Center  
  200  12:27  Starport Tech Lab  
  200  12:28  Starport Reactor  
  200  12:29  Factory Tech Lab  
  200  12:35  Barracks Reactor x5  
  200  12:38  Barracks Reactor  
  194  12:57  Marine x4, Marauder x5  
  194  12:58  Marine, Barracks Reactor  
  186  12:59  Thor x2  
  186  13:00  Medivac x2  
  186  13:04  Marine  
  186  13:05  Marine x2  
  182  13:15  Marine x4  
  177  13:21  Marauder x3  
  177  13:22  Marine x13, Marauder x2  
  200  13:31  Planetary Fortress  
Tags
 
Matchup
TvZ
Player
ViBE
Replay Pack
Platinum_League
Spawn Locations
Cross Positions
Add a new tag
Caveats
  • Supply blocks, unpowered buildings, or Contaminate may cause inaccurate times.
  • Supply counts are checked every 10 seconds.